Description

1 Base All-In reeinforced by Disruptor & Immortal to crush your opponent´s resistance.

This build was played by Zest in his first match against Neeb at the Assembly Summer 2019 on Patch 4.7.1

VOD

https://www.twitch.tv/videos/461421819?t=06h12m37s

Build Order

Get SALT Encoding   

  14  0:19  Pylon  
  15  0:38  Gateway  
  17  0:48  Assimilator  
  18  0:55  Assimilator  
  19  1:08  Gateway  Scout on 2nd Gateway
  21  1:25  Cybernetics Core  
  22  1:35  Pylon  
  23  1:55  Probe  Last Probe; Stay on 24
  24  2:00  Stalker x2  Move out immediately, constantly reeinforce and keep up the pressure
  28  2:01  Warp Gate  
  28  2:17  Pylon  
  28  2:34  Stalker x2  
  32  2:35  Robotics Facility  
  32  2:44  Gateway  
  32  3:02  Stalker x2  
  36  3:09  Pylon  Pylon near enemy base to allow warp-ins before your prism arrives
  36  3:19  Shield Battery  In mineral line for defence against Oracles
  36  3:27  Warp Prism (Chrono Boost)  
  38  3:43  Adept x3  
  44  3:53  Pylon  
  44  3:59  Observer (Chrono Boost)  
  45  4:15  Adept x3  
  51  4:20  Pylon x2  
  55  4:39  Sentry x3  
  55  4:42  Action  First committed push
  55  5:02  Stalker x2  
  55  5:20  Robotics Bay  
  59  5:25  Stalker x2  
  59  5:39  Immortal (Chrono Boost)  
  63  6:08  Disruptor (Chrono Boost)  
  66  6:14  Gateway  Adding the 4th gate is tied to how well you can macro, it´s not necessary
  66  6:30  Adept x2  
  70  6:35  Pylon x3  
  70  7:00  Adept x4  
  78  7:06  Action  Attack with full force
Spawning Tool Build Advisor. Get it on Overwolf

Analysis

You should adjust many decisions of this BO on the fly based on the success of your harassment, pushes and on the units your opponent is building, especially which units to warp-in and when to push should be decided dynamically.

The noteworthy detail of this BO is the Disruptor switch to destroy Neeb´s Immortals.

Helpful Trick: Around 1 minute before his Disruptor/Immortal-Push Zest pulled back, giving his opponent space and giving off the illusion of safety while still keeping the Robo-Units hidden. This maneuver baited Neeb into wasting ressources on Tech and Probes which won´t help him in his defence.

Go to:

Details

  • Created by: Most
  • Published on: Aug 02, 2019
  • Modified on: Aug 02, 2019
  • Patch: 4.7.1
Show
View Real Time Build Order
Export as new Build Order

Comments (0)

There are no comments. Be the first!

Create an account to comment!